AoeStats
← mryendl2410

Nomad

509286500Analyzed
4v4 RM · 7d ago on Sep 26, 2026· 41m 47s· 8 players
Game mode
Random Map
Map size
231×231
Population
200
Speed
Normal
Resources
Standard
Victory
Conquest
Starting age
Dark Age
Ending age
Imperial Age
RankedLock teamsTeams togetherTeam positionsShared explorationLock speedFull tech treeHidden civsTurbo modeCheats
Victory
Defeat
🇨🇴 Persians · Colombia
1424
+15
🇺🇸 Armenians · United States
1413
+15
🇺🇸 Danes · United States
1393
+16
🇺🇸 Varangians · United States
1363
+18
🇷🇺 Khmer · Russia
1433
-17
🇻🇳 Mongols · Vietnam
1420
-17
🇻🇳 Maya · Vietnam
1376
-15
🇯🇵 Britons · Japan
1373
-15
meh
14:18 Feudal Age
14:41 Loom
18:04 Castle Age
16:56 Fletching
17:01 Fishing Lines
18:24 Double-Bit Axe
19:00 Town Watch
19:39 Medium Warships
19:27 Bodkin Arrow
19:52 Gillnets
23:00 Bow Saw
24:15 Padded Archer Armor
25:47 Wheelbarrow
29:01 Hand Cart
29:33 Stone Mining
30:47 Gold Mining
36:57 Imperial Age
35:06 Gold Shaft Mining
36:51 Scale Mail Armor
37:01 Forging
36:13 Man-at-Arms
37:02 Squires
38:09 Fereters
38:20 Chain Mail Armor
37:27 Long Swordsman
37:53 Gambesons
38:09 Squires
37:54 Arson
39:30 Iron Casting
38:19 Two-Handed Swordsman
39:15 Champion
40:17 Horse Collar
42:22 Blast Furnace
41:53 Plate Mail Armor
42:14 Bracer
42:36 Conscription
not sure
4:43 Loom
15:25 Feudal Age
21:57 Castle Age
20:02 Gold Mining
21:15 Fletching
24:07 Bodkin Arrow
24:31 Double-Bit Axe
28:42 Bow Saw
31:09 Horse Collar
35:27 Wheelbarrow
38:45 Imperial Age
36:19 Fishing Lines
37:32 Hand Cart
39:39 Ballistics
38:54 Elite Longship
39:40 Bracer
40:43 Chemistry
41:56 Clinker Construction
[um] The Inland taipan
14:04 Feudal Age
18:12 Castle Age
25:21 Scale Mail Armor
DiegoRosi
5:34 Loom
13:42 Feudal Age
18:40 Castle Age
19:30 Medium Warships
20:56 Horse Collar
21:57 Double-Bit Axe
30:38 Wheelbarrow
31:22 Heavy Plow
31:48 Scale Barding Armor
33:05 Bloodlines
33:17 Chain Barding Armor
34:15 Forging
34:02 Gold Mining
35:38 Iron Casting
40:01 Gold Shaft Mining
42:43 Imperial Age
sada-aki
4:16 Loom
14:38 Feudal Age
15:22 Double-Bit Axe
18:26 Fletching
27:50 Castle Age
26:13 Gold Mining
26:14 Stone Mining
mryendl2410
4:50 Loom
12:40 Feudal Age
17:10 Castle Age
15:37 Double-Bit Axe
18:11 Medium Warships
21:43 Wheelbarrow
21:42 Bow Saw
25:03 Horse Collar
26:27 Heavy Plow
32:11 Imperial Age
30:33 Scale Mail Armor
30:55 Gold Mining
31:13 Eagle Warrior
32:09 Chain Mail Armor
32:33 Arson
32:49 Squires
33:36 Plate Mail Armor
33:45 Elite Eagle Warrior
35:28 Forging
35:44 Conscription
37:12 Iron Casting
40:09 Pikeman
YuriiVegas
4:39 Loom
14:05 Feudal Age
17:38 Castle Age
16:19 Double-Bit Axe
17:26 Fishing Lines
18:48 Bow Saw
18:59 Gillnets
19:40 Town Watch
21:01 Stone Mining
23:55 Wheelbarrow
23:12 Fletching
28:43 Imperial Age
26:15 Bodkin Arrow
Tiểu Long Nữ
7:03 Loom
14:31 Feudal Age
18:54 Castle Age
17:14 Double-Bit Axe
18:46 Gold Mining
20:09 Bow Saw
20:35 Gold Shaft Mining
22:20 Fletching
24:09 Bodkin Arrow
25:30 Husbandry
Connection lost

Rejoining the realm…

Still unreachable

The connection could not be restored.

Session expired

The server has moved on; the page needs a fresh start.